 Dungeon Crawl Stone Soup version 0.30-a0-422-g946f4849ff (webtiles) character file.

Game seed: 7433414060524006322

597 p00ps00p the Trooper (level 7, 0/53 (62) HPs)
             Began as a Hill Orc Fighter on Dec 9, 2022.
             Was an Initiate of Gozag.
             Slain by a gnoll
             ... wielding a +0 halberd
             ... led by a gnoll bouda
              (5 damage)
             ... on level 6 of the Dungeon.
             The game lasted 00:05:12 (4773 turns).

p00ps00p the Trooper (Hill Orc Fighter)             Turns: 4773, Time: 00:05:13

HP:   0/53 (62)     AC: 13    Str: 21    XL:     7   Next: 40%
MP:   7/7           EV:  2    Int:  8    God:    Gozag
Gold: 412           SH: 12    Dex: 10    Spells: 6/6 levels left

rFire   . . .      SeeInvis .    a - +0 war axe
rCold   . . .      Faith    .    e - +0 tower shield
rNeg    . . .      Spirit   .    p - +0 plate armour
rPois   .          Reflect  .    m - +0 helmet
rElec   .          Harm     .    (no cloak)
rCorr   .          Rampage  .    (no gloves)
Will    .....                    (no boots)
Stlth   ..........               i - amulet of the acrobat
HPRegen 0.28/turn                (no ring)
MPRegen 0.10/turn                (no ring)

@: heavily drained, invisible
A: no striking features
a: Renounce Religion, Potion Petition, Call Merchant, Bribe Branch


You were on level 6 of the Dungeon.
You worshipped Gozag.
Gozag was aware of your devotion.
You visited 2 branches of the dungeon, and saw 7 of its levels.

You collected 467 gold pieces.
You paid 55 gold pieces to Gozag.

Inventory:

Hand Weapons
 a - a +0 war axe (weapon)
Armour
 e - a +0 tower shield (worn)
 m - a +0 helmet (worn)
 p - a +0 plate armour (worn)
Jewellery
 i - an amulet of the acrobat (around neck)
Scrolls
 b - 4 scrolls of identify
Potions
 f - 2 potions of resistance
 h - 2 potions of curing


   Skills:
 + Level 5.9 Fighting
 + Level 5.6 Axes
 + Level 5.3 Armour
 + Level 5.3 Shields


You had 6 spell levels left.
You didn't know any spells.
Your spell library contained the following spells:

 Spells                   Type           Power      Damage    Failure   Level
 Summon Small Mammal      Summ           0%         N/A       100%        1
 Call Canine Familiar     Summ           0%         N/A       100%        3
 Ozocubu's Armour         Ice            0%         N/A       100%        3
 Summon Guardian Golem    Hex/Summ       0%         N/A       100%        3
 Metabolic Englaciation   Hex/Ice        0%         N/A       100%        5
 Simulacrum               Ice/Necr       Unusable   N/A       N/A         6

Dungeon Overview and Level Annotations

Branches:
Dungeon (6/15)             Temple (1/1) D:4

Altars:
Ashenzari
Cheibriados
Dithmenos
Elyvilon
Fedhas
Gozag
Hepliaklqana
Kikubaaqudgha
Makhleb
Nemelex Xobeh
Okawaru
Qazlal
Ru
Sif Muna
Vehumet
Wu Jian
Yredelemnul
Zin
The Shining One

Annotations:
D:5 2 transporters, Menkaure


Message History

The gnoll bouda is severely wounded.
You barely miss the gnoll. You closely miss the gnoll. x2
The gnoll hits you but does no damage. You block the gnoll's attack.
The gnoll bouda hits you but does no damage.
You block the gnoll's attack. The gnoll hits you with a +0 whip.
You block the gnoll's attack. The gnoll hits you with a +0 flail!
You are too injured to fight recklessly!
Unknown command.
You are too injured to fight recklessly!
Unknown command.
You are too injured to fight recklessly!
You are too injured to fight recklessly!
Unknown command.
You hit the gnoll but do no damage. You slash the gnoll!
You hit the gnoll bouda but do no damage.
You closely miss the gnoll.
Your attacks no longer feel as feeble.
The gnoll bouda hits you with a +0 club.
The gnoll hits you but does no damage. The gnoll hits you with a +0 whip.
You block the gnoll's attack. x2
The gnoll bouda hits you but does no damage.
You block the gnoll's attack. The gnoll hits you with a +0 whip.
You slash the gnoll!
The gnoll is heavily wounded.
You closely miss the gnoll. You barely miss the gnoll bouda.
You completely miss the gnoll.
The gnoll is no longer moving quickly. x2
You block the gnoll's attack. x2
The gnoll bouda hits you with a +0 club!
* * * LOW HITPOINT WARNING * * *
You block the gnoll's attack. x2; The gnoll barely misses you.
The gnoll hits you but does no damage.
The gnoll bouda hits you with a +0 club.
* * * LOW HITPOINT WARNING * * *
The gnoll hits you but does no damage. The gnoll hits you with a +0 whip.
* * * LOW HITPOINT WARNING * * *
You fade into invisibility!
The gnoll is no longer moving quickly.
The gnoll hits you but does no damage.
The gnoll hits you from afar with a +0 halberd.
You die...
Your body crumbles into a pile of gold.

#..>...# #......#
#.....<#######
#.............
#####.............
..$.....#'#.......
........#_#.......
.......$#'#.......
.......@g....)....
......gggg........
..................
..................
..#########...$..
. ...... $ ......
......


You could see a gnoll bouda (unable to see you) and 4 gnolls.

Vanquished Creatures
  Edmund (D:4)
  An ice beast (D:5)
  2 hounds
  2 orc priests
  2 iguanas (D:5)
  4 orc wizards
  2 adders
  A white imp (D:6)
  A worm (D:4)
  A dart slug (D:2)
  19 orcs
  4 ball pythons
  5 endoplasms
  3 giant cockroaches (D:2)
  8 hobgoblins
  5 jackals
  5 kobolds
  2 quokkas
  3 bats (D:3)
  4 frilled lizards
  6 goblins
  2 rats
83 creatures vanquished.

Vanquished Creatures (others)
  3 fungi (D:2)
  3 plants (D:2)
6 creatures vanquished.

Grand Total: 89 creatures vanquished

Notes
Turn   | Place    | Note
-------+----------+-------------------------------------------
     0 | D:1      | p00ps00p the Hill Orc Fighter began the quest for the Orb.
     0 | D:1      | Reached XP level 1. HP: 19/19 MP: 1/1
   167 | D:1      | Reached XP level 2. HP: 25/27 MP: 2/2
   688 | D:2      | Reached XP level 3. HP: 33/33 MP: 3/3
   716 | D:2      | Found a faded altar of an unknown god.
  1291 | D:3      | Reached XP level 4. HP: 9/41 MP: 4/4
  1506 | D:3      | Reached XP level 5. HP: 47/47 MP: 5/5
  1769 | D:3      | Found an iron altar of Okawaru.
  1927 | D:3      | Found a blossoming altar of Fedhas.
  1941 | D:3      | Found a radiant altar of Vehumet.
  1944 | D:3      | Found a hazy altar of Hepliaklqana.
  1947 | D:3      | Found a snail-covered altar of Cheibriados.
  2415 | D:4      | Found a stormy altar of Qazlal.
  2864 | D:4      | Found a staircase to the Ecumenical Temple.
  2873 | D:4      | Noticed Edmund
  2881 | Temple   | Entered the Ecumenical Temple
  3035 | Temple   | Became a worshipper of Gozag Ym Sagoz the Greedy
  3058 | D:4      | Killed Edmund
  3059 | D:4      | Reached skill level 5 in Fighting
  3059 | D:4      | Reached XP level 6. HP: 31/56 MP: 6/6
  3290 | D:5      | Entered Level 5 of the Dungeon
  3519 | D:5      | Identified the +0 scale mail "Agiygeum" {*Slow rElec Str+3
                  | Dex+7}
  3706 | D:5      | Found a transporter.
  3722 | D:5      | Reached skill level 5 in Axes
  3729 | D:5      | Noticed a vampire
  3776 | D:5      | Reached skill level 5 in Shields
  3863 | D:5      | Found a transporter.
  3863 | D:5      | Found an ancient bone altar of Kikubaaqudgha.
  3865 | D:5      | Noticed Menkaure
  3867 | D:5      | Found a basalt altar of Yredelemnul.
  3903 | D:5      | Reached skill level 5 in Armour
  3906 | D:5      | Reached XP level 7. HP: 32/61 MP: 7/7
  4202 | D:5      | Found a glowing golden altar of the Shining One.
  4319 | D:5      | Identified the +11 trident of Xidewie {drain, Will+ Int+4}
  4756 | D:6      | Found a sparkling altar of Nemelex Xobeh.
  4773 | D:6      | Slain by a gnoll

Illustrated notes

Levels and vault maps discovered:
D:1:      dpeg_arrival_tiny_d, layout_loops_cross
D:2:      layout_rooms, shapermc_ecumenical_altar_mp_urbaneastern
D:3:      layout_basic, okawaru_trees_2, grunt_temple_overflow_cloverleaf
D:4:      layout_gridville, nicolae_qazlal_scattered_showers, temple_green,
          kennysheep_generic_room_7, uniq_edmund
D:5:      layout_basic, gammafunk_temple_of_torment,
          nicolae_tso_carved_into_rock, minmay_misc_feat_hallway
D:6:      cheibrodos_helix_gallery, layout_gridville, kennysheep_mini_moat,
          brannock_xom_greatest_gift, gup_sewer_entry_pipe, uniq_sigmund
Temple:   chequers_temple_sunken

Skill      XL: |  1  2  3  4  5  6 |
---------------+-------------------+-----
Axes           | 3 4 5 |  5.6
Fighting       | 4 5 |  5.9
Shields        | 4 5 |  5.3
Armour         | 4 5 |  5.3

Action                   |  1- 3 |  4- 6 |  7- 9 || total
-------------------------+-------+-------+-------++-------
Melee: War axe           |    94 |   151 |    40 ||   285
  Use: Scroll            |     4 |     5 |       ||     9
       Potion            |       |     1 |     1 ||     2
 Stab: Distracted        |       |       |     1 ||     1
Armor: Scale mail        |    49 |       |       ||    49
       Plate armour      |    18 |   107 |    32 ||   157
Dodge: Dodged            |    63 |    42 |     9 ||   114
Block: Buckler           |    17 |    13 |       ||    30
       Tower shield      |       |    86 |    40 ||   126

Table legend: (Time is in decaauts)
 A = Elapsed time spent in this place.
 B = Non-inter-level travel time spent in this place.
 C = Inter-level travel time spent in this place.
 D = Time resting spent in this place.
 E = Time spent auto-exploring this place.
 F = Levels seen in this place.
 G = Mean time per level.
                   A        B        C        D        E       F      G
               +--------+--------+--------+--------+--------+-----+--------+
         Total |   4963 |   4725 |    238 |    401 |   3504 |   7 |  709.0 |
       Dungeon |   4740 |   4517 |    223 |    401 |   3320 |   6 |  790.0 |
        Temple |    222 |    207 |     15 |      0 |    184 |   1 |  222.0 |
               +--------+--------+--------+--------+--------+-----+--------+

Top non-repeatable levels by time:
     D:5: 1514 daAuts
     D:3: 1020 daAuts
     D:4: 948 daAuts
     D:1: 618 daAuts
     D:2: 612 daAuts
  Temple: 222 daAuts
     D:6: 26 daAuts
